 Dungeon Crawl Stone Soup version 0.17-a0-1510-gb3fb22e (webtiles) character file.

87 Redz the Ducker (level 4, -1/27 HPs)
             Began as a Kobold Warper on July 11, 2015.
             Was an Initiate of Sif Muna.
             Slain by an orc wizard
             ... wielding a +0 dagger
              (5 damage)
             ... on level 3 of the Dungeon.
             The game lasted 00:07:58 (2418 turns).

Redz the Ducker (Kobold Warper)                     Turns: 2418, Time: 00:07:58

Health: -1/27      AC:  3    Str:  9    XL:     4   Next: 80%
Magic:  5/7        EV: 15    Int: 12    God:    Sif Muna [......]
Gold:   148        SH:  0    Dex: 15    Spells: 3 memorised, 2 levels left

rFire  . . .     SeeInvis .     a - +0 short sword
rCold  . . .     Clarity  .     b - +0 leather armour
rNeg   . . .     SustAt   .     (shield restricted)
rPois  .         Gourm    .     (no helmet)
rElec  .         Spirit   .     (no cloak)
rCorr  .         Warding  .     (no gloves)
rMut   .         Stasis   .     (no boots)
MR     .....                    (no amulet)
Stlth  ++........               (no ring)
                                (no ring)

@: very slightly contaminated, not resistant to hostile enchantments, unstealthy
A: carnivore 3
a: Renounce Religion


You were on level 3 of the Dungeon.
You worshipped Sif Muna.
Sif Muna was noncommittal.
You were very full.

You visited 1 branch of the dungeon, and saw 3 of its levels.

You collected 148 gold pieces.

Inventory:

Hand weapons
 a - a +0 short sword (weapon)
Missiles
 e - 5 tomahawks of dispersal (quivered)
 i - 5 tomahawks
Armour
 b - a +0 leather armour (worn)
Jewellery
 g - a +6 ring of dexterity {unknown}
Scrolls
 d - a scroll of blinking
 h - a scroll of magic mapping {unknown}
 j - 2 scrolls of remove curse {unknown}
 l - a scroll of identify {unknown}
 m - a scroll of enchant weapon {unknown}
 n - a scroll of fog {unknown}
 p - a scroll of teleportation {unknown}
Potions
 o - a potion of flight
Books
 c - a book of Spatial Translocations

   Spells                             Type                      Level
   a - Apportation                    Translocation                1
   b - Blink                          Translocation                2
   c - Shroud of Golubria             Charms/Translocation         2
   d - Portal Projectile              Translocation                3
   e - Teleport Other                 Translocation                3
   f - Passage of Golubria            Translocation                4
Comestibles
 f - 2 meat rations


   Skills:
 + Level 2.9 Fighting
 + Level 3.1 Short Blades
 - Level 1.3 Throwing
 + Level 1.6 Armour
 + Level 3.4 Dodging
 + Level 2.2 Stealth
 + Level 2.1 Spellcasting
 + Level 3.1 Translocations


You had 2 spell levels left.
You knew the following spells:

 Your Spells              Type           Power        Failure   Level  Hunger
a - Apportation           Tloc           #.........   12%         1    ##.....
b - Blink                 Tloc           N/A          17%         2    ###....
c - Shroud of Golubria    Chrm/Tloc      #.........   30%         2    ###....


Dungeon Overview and Level Annotations

Branches:
Dungeon (3/15)

Altars:
Sif Muna


Innate Abilities, Weirdness & Mutations

You are small and have problems with some larger weapons.
You are carnivorous and can eat meat at any time.


Message History

The orc wizard hits you but does no damage.
You hit the orc wizard.
The orc wizard is severely wounded.
The orc wizard hits you but does no damage.
You completely miss the orc wizard.
The orc wizard is severely wounded.
The orc wizard gestures at you while chanting.
You are confused.
You hit the orc wizard.
The orc wizard is almost dead.
The orc wizard gestures at you while chanting.
The magic dart hits you!
* * * LOW HITPOINT WARNING * * *
Drink which item? (? for menu, Esc to quit)
Okay, then.
You bump into the rock wall.
The orc wizard closely misses you.
You bump into the rock wall.
The orc wizard misses you.
You feel less confused. The orc wizard hits you with a dagger.
You die...

#........# .#
#.####..## .# #.#
##.## ###.### #.#
#..###..... #.#
##.#.....# #.#
#†#.....# #.#
#g#.....###.#
#.######.#...........
#......@o#.....###...
########......#######
#<............
#####..####.##.
#..........
#..####.##.
#..####.###.
#..)).......
#...........


You could see an orc wizard and a hobgoblin.

Vanquished Creatures
  3 adders
  An ooze (D:2)
  A worm (D:2)
  2 giant geckos
  An orc (D:3)
  5 bats
  2 giant cockroaches
  4 goblins (D:2)
  8 hobgoblins
  6 jackals
  7 kobolds
  A quokka (D:2)
  A ball python (D:2)
  4 giant newts
  A quokka zombie (D:3)
  5 rats
52 creatures vanquished.

Notes
Turn   | Place    | Note
--------------------------------------------------------------
     0 | D:1      | Redz the Kobold Warper began the quest for the Orb.
     0 | D:1      | Reached XP level 1. HP: 12/12 MP: 3/3
   104 | D:1      | Reached skill level 1 in Armour
   250 | D:1      | Reached XP level 2. HP: 12/18 MP: 5/5
   259 | D:1      | Learned a level 2 spell: Blink
   275 | D:1      | Learned a level 2 spell: Shroud of Golubria
   345 | D:1      | Reached skill level 1 in Stealth
   966 | D:2      | Reached XP level 3. HP: 18/22 MP: 3/6
  1598 | D:2      | Found a deep blue altar of Sif Muna.
  1601 | D:2      | Became a worshipper of Sif Muna the Loreminder
  1645 | D:2      | Reached XP level 4. HP: 24/27 MP: 7/7
  2418 | D:3      | Slain by an orc wizard

Vault maps used:
D:1:      lightli_arrival_boilingwater, minmay_misc_feat_four_crosses
D:2:      lemuel_blue_sif_altar, first_bread, minmay_box_of_dots

Action                   |  1- 3 |  4- 6 || total
-------------------------+-------+-------++-------
Melee: Short sword       |   182 |    91 ||   273
 Cast: Shroud of Golubri |     9 |     6 ||    15
  Use: Potion            |       |     2 ||     2
 Stab: Sleeping          |     2 |     6 ||     8
  Eat: Chunk             |    11 |     2 ||    13
